AoeStats
← 你好

Arena

510111364Analyzed
4v4 RM · 3d ago on Sep 29, 2026· 46m 7s· 8 players
Game mode
Random Map
Map size
Large (8 player)
Population
200
Speed
Normal
Resources
Standard
Victory
Conquest
Starting age
Dark Age
Ending age
Imperial Age
RankedLock teamsTeams togetherTeam positionsShared explorationLock speedFull tech treeHidden civsTurbo modeCheats
Victory
Defeat
🇨🇳 Bohemians · China
1382
+15
🇨🇳 Koreans · China
1368
+16
🇧🇴 Bohemians · Bolivia
1298
+18
🇧🇴 Tatars · Bolivia
1264
+20
🇨🇳 Poles · China
1421
-20
🇪🇸 Persians · Spain
1350
-17
🇨🇳 Huns · China
1327
-16
🇹🇼 Huns · Taiwan
1322
-16
arodrisa
10:37 Feudal Age
14:45 Castle Age
13:04 Double-Bit Axe
13:33 Horse Collar
15:34 Bow Saw
20:50 Fervor
25:48 Heavy Plow
28:24 Imperial Age
26:15 Bloodlines
26:00 Fletching
26:28 Forging
26:25 Scale Barding Armor
26:19 Stone Mining
27:52 Iron Casting
27:19 Husbandry
26:45 Light Cavalry
27:51 Gold Mining
28:34 Chain Barding Armor
28:07 Hussar
29:57 Chemistry
29:00 Padded Archer Armor
29:49 Stone Shaft Mining
29:47 Crop Rotation
29:54 Gold Shaft Mining
30:29 Conscription
31:13 Blast Furnace
31:39 Plate Barding Armor
31:30 Elite War Elephant
33:42 Two-Man Saw
32:48 Loom
33:39 Wheelbarrow
32:49 Town Watch
34:25 Padded Archer Armor
34:15 Fletching
35:31 Crossbowman
36:18 Thumb Ring
36:29 Leather Archer Armor
36:59 Citadels
37:32 Kamandaran
37:40 Kamandaran
38:39 Bodkin Arrow
39:15 Ring Archer Armor
Alexander
10:36 Feudal Age
11:41 Loom
15:05 Castle Age
13:35 Double-Bit Axe
13:45 Horse Collar
17:29 Bow Saw
18:14 Heavy Plow
23:16 Wheelbarrow
28:47 Imperial Age
26:58 Bloodlines
26:49 Gold Mining
27:20 Husbandry
27:28 Scale Barding Armor
28:33 Chain Barding Armor
28:38 Forging
28:53 Marauders
28:50 Town Watch
30:19 Plate Barding Armor
30:07 Elite Tarkan
32:06 Iron Casting
33:36 Gold Shaft Mining
35:16 Hand Cart
35:30 Conscription
35:33 Thumb Ring
35:55 Fletching
36:43 Parthian Tactics
36:08 Heavy Cavalry Archer
38:01 Bodkin Arrow
38:18 Light Cavalry
39:11 Bracer
40:25 Blast Furnace
39:51 Hussar
41:38 Padded Archer Armor
纯属意外666
10:23 Feudal Age
14:28 Castle Age
13:06 Double-Bit Axe
13:02 Horse Collar
13:43 Gold Mining
13:44 Stone Mining
14:04 Stone Mining
21:41 Wheelbarrow
24:22 Hand Cart
24:41 Loom
29:18 Imperial Age
27:29 Scale Barding Armor
27:35 Forging
28:50 Chain Barding Armor
29:37 Iron Casting
29:18 Bow Saw
30:43 Plate Barding Armor
30:33 Conscription
31:31 Two-Man Saw
30:33 Elite Tarkan
32:39 Blast Furnace
32:43 Fletching
32:54 Padded Archer Armor
34:14 Chemistry
33:34 Ballistics
33:10 Murder Holes
33:29 Heavy Cavalry Archer
34:37 Bodkin Arrow
35:33 Parthian Tactics
35:53 Thumb Ring
36:53 Bracer
37:09 Leather Archer Armor
38:07 Scale Mail Armor
37:51 Light Cavalry
38:42 Bloodlines
38:32 Husbandry
37:53 Cavalier
41:07 Elite Skirmisher
44:16 Chain Mail Armor
43:49 Arson
43:25 Pikeman
43:25 Man-at-Arms
44:07 Squires
44:49 Elite Skirmisher
knife
10:07 Feudal Age
11:21 Loom
15:56 Castle Age
16:01 Double-Bit Axe
15:57 Horse Collar
19:02 Wheelbarrow
18:39 Bow Saw
19:14 Scale Barding Armor
19:26 Husbandry
19:36 Bloodlines
21:10 Szlachta Privileges
24:56 Forging
27:22 Chain Barding Armor
29:15 Iron Casting
31:33 Hand Cart
31:20 Heavy Plow
35:09 Imperial Age
33:01 Scale Mail Armor
35:38 Chain Mail Armor
37:08 Conscription
36:17 Elite Obuch
38:20 Squires
37:40 Man-at-Arms
39:22 Blast Furnace
38:52 Plate Mail Armor
38:22 Fletching
38:36 Long Swordsman
40:47 Lechitic Legacy
40:28 Gold Mining
41:08 Light Cavalry
41:13 Two-Handed Swordsman
42:09 Winged Hussar
44:39 Champion
Matamasistas3000
11:42 Feudal Age
15:24 Castle Age
15:11 Loom
18:13 Double-Bit Axe
20:29 Wheelbarrow
19:37 Horse Collar
22:03 Bow Saw
23:46 Heavy Plow
28:53 Imperial Age
27:29 Forging
28:33 Chemistry
27:34 Town Watch
28:16 Hand Cart
28:14 Pikeman
28:58 Scale Mail Armor
29:33 Iron Casting
29:50 Fortified Wall
30:53 Two-Man Saw
30:24 Conscription
30:06 Squires
29:52 Arson
30:54 Town Patrol
30:37 Halberdier
33:06 Blast Furnace
32:25 Chain Mail Armor
34:08 Plate Mail Armor
34:39 Blast Furnace
35:20 Ballistics
35:07 Siege Engineers
35:09 Fletching
35:50 Heavy Scorpion
35:53 Houfnice
40:18 Bodkin Arrow
40:45 Ballistics
40:21 Murder Holes
40:36 Masonry
44:48 Bracer
44:48 Padded Archer Armor
你好
10:23 Feudal Age
14:06 Castle Age
12:04 Double-Bit Axe
12:38 Horse Collar
15:08 Bow Saw
17:18 Loom
23:59 Wheelbarrow
26:38 Fletching
28:02 Hand Cart
27:40 Fletching
29:01 Bodkin Arrow
29:22 Town Watch
29:30 Gold Mining
29:41 Heavy Plow
36:06 Imperial Age
34:32 Gold Shaft Mining
35:33 Ballistics
35:29 Stone Mining
36:09 Elite War Wagon
37:06 Guilds
37:36 Conscription
39:10 Chemistry
39:11 Stone Shaft Mining
39:37 Two-Man Saw
38:55 Bracer
38:55 Scale Mail Armor
39:06 Forging
40:46 Chain Mail Armor
41:58 Caravan
42:46 Plate Mail Armor
42:51 Iron Casting
XForce-MiCausaArce
7:57 Loom
11:42 Feudal Age
16:04 Castle Age
14:28 Double-Bit Axe
14:35 Horse Collar
22:40 Pikeman
23:15 Town Watch
25:36 Wheelbarrow
26:06 Bow Saw
26:23 Gold Mining
26:24 Stone Mining
28:03 Hand Cart
27:54 Heavy Plow
28:32 Fletching
28:44 Padded Archer Armor
28:58 Town Patrol
32:27 Imperial Age
30:31 Bodkin Arrow
31:20 Leather Archer Armor
31:13 Squires
32:13 Gold Shaft Mining
31:39 Arson
32:24 Ballistics
35:07 Chemistry
35:10 Bracer
35:14 Halberdier
36:24 Forging
36:11 Heavy Cavalry Archer
38:26 Ring Archer Armor
39:10 Iron Casting
38:36 Scale Mail Armor
38:50 Husbandry
40:14 Bloodlines
40:25 Timurid Siegecraft
44:54 Blast Furnace
44:20 Elite Skirmisher
45:40 Crop Rotation
46:01 Scale Barding Armor
我要压力你了
10:26 Feudal Age
14:20 Castle Age
12:40 Double-Bit Axe
13:25 Horse Collar
15:34 Bow Saw
17:49 Fervor
22:54 Wheelbarrow
24:08 Pikeman
25:51 Loom
28:47 Imperial Age
27:00 Hand Cart
26:56 Scale Mail Armor
27:25 Forging
27:41 Squires
28:14 Arson
28:46 Chain Mail Armor
29:07 Halberdier
30:19 Plate Mail Armor
31:30 Chemistry
30:41 Fortified Wall
31:34 Chemistry
33:57 Iron Casting
33:32 Siege Engineers
34:47 Two-Man Saw
34:01 Heavy Plow
34:46 Conscription
34:31 Wagenburg Tactics
37:18 Hussite Reforms
39:36 Block Printing
Connection lost

Rejoining the realm…

Still unreachable

The connection could not be restored.

Session expired

The server has moved on; the page needs a fresh start.